| TOP OF THE 1ST |
|
New York Yankees batting - Pitching for Cincinnati Reds : LHP Jim Abbott
|
|
Pitching: LHP Jim Abbott
|
|
|
Batting: RHB Orlando Cabrera
|
0-0: Called Strike 0-1: Ball 1-1: SINGLE (Line Drive, 8RS, EV 103.1 MPH)
|
|
Batting: LHB Bobby Abreu
|
0-0: Called Strike 0-1: Ball 1-1: Swinging Strike 1-2: Ball 2-2: Ball 3-2: Foul Ball, location: 2F 3-2: Fly out, F8 (Flyball, 8RXD, EV 105.6 MPH)
|
|
Batting: RHB Kazuhiro Kiyohara
|
0-0: Swinging Strike 0-1: Called Strike 0-2: Foul Ball, location: 2F 0-2: Ball 1-2: Strikes out swinging
|
|
Batting: RHB Travis Fryman
|
0-0: Ball 1-0: Swinging Strike 1-1: Foul Ball, location: 2F 1-2: 2-RUN HOME RUN (Flyball, 7LD, EV 98.8 MPH), Distance : 368 ft
|
|
Batting: RHB Phil B. Clark
|
0-0: Called Strike 0-1: Ground out 6-3 (Groundball, 6, EV 90.6 MPH)
|
| Top of the 1st over - 2 runs, 2 hits, 0 errors, 0 left on base; New York 2 - Cincinnati 0 |
| BOTTOM OF THE 1ST |
|
Cincinnati Reds batting - Pitching for New York Yankees : RHP Brian Moehler
|
|
Pitching: RHP Brian Moehler
|
|
|
Batting: LHB Fernando Vina
|
0-0: Ball 1-0: Ball 2-0: Foul Ball, location: 2F 2-1: Foul Ball, location: 2F 2-2: Ball 3-2: Foul Ball, location: 2F 3-2: Ground out 6-3 (Groundball, 6M, EV 90.0 MPH)
|
|
Batting: RHB Scott Rolen
|
0-0: Called Strike 0-1: Swinging Strike 0-2: Ball 1-2: Strikes out looking
|
|
Batting: SHB Bernie Williams
|
0-0: Called Strike 0-1: Swinging Strike 0-2: TRIPLE (Flyball, 78XD, EV 88.8 MPH)
|
|
Batting: LHB Fred McGriff
|
0-0: Foul Ball, location: 2F 0-1: Ground out 1-3 (Groundball, 13S, EV 64.4 MPH)
|
| Bottom of the 1st over - 0 runs, 1 hit, 0 errors, 1 left on base; New York 2 - Cincinnati 0 |
| TOP OF THE 2ND |
|
New York Yankees batting - Pitching for Cincinnati Reds : LHP Jim Abbott
|
|
Batting: SHB Quinton McCracken
|
0-0: Ball 1-0: Foul Ball, location: 2F 1-1: Foul Ball, location: 2F 1-2: Foul Ball, location: 2F 1-2: Hit by Pitch
|
|
Batting: RHB Darren Lewis
|
0-0: Called Strike 0-1: Fielders Choice at 2nd, 6-4 (Groundball, 6, EV 103.8 MPH)
|
|
Batting: LHB Ed Giovanola
|
0-0: Ball 1-0: Called Strike 1-1: Foul Ball, location: 2F 1-2: Foul Ball, location: 2F 1-2: Ball 2-2: Ball 3-2: Base on Balls Darren Lewis to second
|
|
Batting: LHB Jeff Grotewold
|
0-0: Called Strike 0-1: Ball 1-1: Foul Ball, location: 2F 1-2: Strikes out swinging
|
|
Batting: RHB Orlando Cabrera
|
0-0: Fly out, F7 (Line Drive, 7, EV 93.1 MPH)
|
| Top of the 2nd over - 0 runs, 0 hits, 0 errors, 2 left on base; New York 2 - Cincinnati 0 |
| BOTTOM OF THE 2ND |
|
Cincinnati Reds batting - Pitching for New York Yankees : RHP Brian Moehler
|
|
Batting: RHB Javy Lopez
|
0-0: Ball 1-0: Foul Ball, location: 2F 1-1: Called Strike 1-2: Ball 2-2: Foul Ball, location: 2F 2-2: Ball 3-2: Base on Balls
|
|
Batting: LHB Matt Lawton
|
0-0: Foul Ball, location: 2F 0-1: SINGLE (Line Drive, 78S, EV 94.4 MPH) Javy Lopez to second
|
|
Batting: SHB Scott Spiezio
|
0-0: Ball 1-0: Called Strike 1-1: SINGLE (Groundball, 6MD, EV 103.8 MPH) Javy Lopez to third Matt Lawton to second Runner from 3rd tries for Home, throw by CF and OUT! 8-2
|
|
Batting: SHB Omar Vizquel
|
0-0: Ball 1-0: Foul Ball, location: 2F 1-1: Swinging Strike 1-2: Ball 2-2: Fly out, F9 (Line Drive, 9, EV 91.3 MPH)
|
|
Batting: SHB Dwayne Hosey
|
0-0: Foul Ball, location: 2F 0-1: Ball 1-1: Foul Ball, location: 2F 1-2: Strikes out swinging
|
| Bottom of the 2nd over - 0 runs, 2 hits, 0 errors, 2 left on base; New York 2 - Cincinnati 0 |
| TOP OF THE 3RD |
|
New York Yankees batting - Pitching for Cincinnati Reds : LHP Jim Abbott
|
|
Batting: LHB Bobby Abreu
|
0-0: Fly out, F9 (Line Drive, 9, EV 91.9 MPH)
|
|
Batting: RHB Kazuhiro Kiyohara
|
0-0: Foul Ball, location: 2F 0-1: Ball 1-1: Swinging Strike 1-2: Strikes out swinging
|
|
Batting: RHB Travis Fryman
|
0-0: Foul Ball, location: 2F 0-1: Ball 1-1: Called Strike 1-2: Strikes out swinging
|
| Top of the 3rd over - 0 runs, 0 hits, 0 errors, 0 left on base; New York 2 - Cincinnati 0 |
| BOTTOM OF THE 3RD |
|
Cincinnati Reds batting - Pitching for New York Yankees : RHP Brian Moehler
|
|
Batting: LHB Fernando Vina
|
0-0: Called Strike 0-1: Swinging Strike 0-2: Ball 1-2: Ball 2-2: Ball 3-2: SINGLE (Groundball, 4D, EV 94.4 MPH)
|
|
Batting: RHB Scott Rolen
|
0-0: Foul Ball, location: 2F 0-1: Grounds into double play, 6-4-3 (Groundball, 6, EV 82.5 MPH)
|
|
Batting: SHB Bernie Williams
|
0-0: Fly out, F9 (Line Drive, 9, EV 90.0 MPH)
|
| Bottom of the 3rd over - 0 runs, 1 hit, 0 errors, 0 left on base; New York 2 - Cincinnati 0 |
| TOP OF THE 4TH |
|
New York Yankees batting - Pitching for Cincinnati Reds : LHP Jim Abbott
|
|
Batting: RHB Phil B. Clark
|
0-0: Ground out 5-3 (Groundball, 5L, EV 110.0 MPH)
|
|
Batting: SHB Quinton McCracken
|
0-0: Called Strike 0-1: Swinging Strike 0-2: Ball 1-2: Strikes out looking
|
|
Batting: RHB Darren Lewis
|
0-0: Foul Ball, location: 2F 0-1: Ball 1-1: Ball 2-1: Ball 3-1: Called Strike 3-2: Strikes out swinging
|
| Top of the 4th over - 0 runs, 0 hits, 0 errors, 0 left on base; New York 2 - Cincinnati 0 |
| BOTTOM OF THE 4TH |
|
Cincinnati Reds batting - Pitching for New York Yankees : RHP Brian Moehler
|
|
Batting: LHB Fred McGriff
|
0-0: Ball 1-0: Ball 2-0: Ball 3-0: Called Strike 3-1: Base on Balls
|
|
Batting: RHB Javy Lopez
|
0-0: Ball 1-0: 2-RUN HOME RUN (Flyball, 7LD, EV 106.9 MPH), Distance : 338 ft
|
|
Batting: LHB Matt Lawton
|
0-0: Foul Ball, location: 2F 0-1: Ball 1-1: Ball 2-1: Foul Ball, location: 2F 2-2: Foul Ball, location: 2F 2-2: Foul Ball, location: 2F 2-2: Foul Ball, location: 2F 2-2: Ball 3-2: Base on Balls
|
|
Batting: SHB Scott Spiezio
|
0-0: Ball Matt Lawton is caught stealing 2nd base 2-6 1-0: Called Strike 1-1: Ball 2-1: Ball 3-1: Called Strike 3-2: Ground out U3 (Groundball, 3, EV 89.4 MPH)
|
|
Batting: SHB Omar Vizquel
|
0-0: Ball 1-0: SINGLE (Groundball, 3D, EV 96.9 MPH)
|
|
Batting: SHB Dwayne Hosey
|
0-0: Foul Ball, location: 2F 0-1: Fly out, F9 (Flyball, 89S, EV 87.5 MPH)
|
| Bottom of the 4th over - 2 runs, 2 hits, 0 errors, 1 left on base; New York 2 - Cincinnati 2 |
| TOP OF THE 5TH |
|
New York Yankees batting - Pitching for Cincinnati Reds : LHP Jim Abbott
|
|
Batting: LHB Ed Giovanola
|
0-0: Ball 1-0: Ball 2-0: Ball 3-0: Called Strike 3-1: Base on Balls
|
|
Batting: LHB Jeff Grotewold
|
0-0: Fielders Choice at 2nd, 3-6 (Groundball, 3, EV 101.9 MPH)
|
|
Batting: RHB Orlando Cabrera
|
0-0: Fly out, F8 (Flyball, 8LM, EV 88.1 MPH)
|
|
Batting: LHB Bobby Abreu
|
0-0: Ball 1-0: Ball 2-0: Fly out, F6 (Popup, 6M, EV 61.3 MPH)
|
| Top of the 5th over - 0 runs, 0 hits, 0 errors, 1 left on base; New York 2 - Cincinnati 2 |
| BOTTOM OF THE 5TH |
|
Cincinnati Reds batting - Pitching for New York Yankees : RHP Brian Moehler
|
|
Batting: LHB Fernando Vina
|
0-0: Fly out, F8 (Flyball, 8RS, EV 93.1 MPH)
|
|
Batting: RHB Scott Rolen
|
0-0: Ball 1-0: Foul Ball, location: 2F 1-1: SINGLE (Line Drive, 6MD, EV 102.5 MPH)
|
|
Batting: SHB Bernie Williams
|
0-0: Ball 1-0: Ball 2-0: Ball 3-0: Called Strike 3-1: Foul Ball, location: 2F 3-2: Base on Balls Scott Rolen to second
|
|
Batting: LHB Fred McGriff
|
0-0: Ball 1-0: Foul Ball, location: 2F 1-1: DOUBLE (Line Drive, 89XD, EV 110.6 MPH) Scott Rolen scores Bernie Williams to third
|
|
Batting: RHB Javy Lopez
|
0-0: Foul Ball, location: 2F 0-1: Ball 1-1: Ball 2-1: Ground out 4-3 (Groundball, 34, EV 102.5 MPH) Bernie Williams scores Fred McGriff to third
|
|
Batting: LHB Matt Lawton
|
0-0: Ball 1-0: Ball 2-0: Foul Ball, location: 2F 2-1: Called Strike 2-2: Ball 3-2: Fly out, F9 (Flyball, 89M, EV 78.1 MPH)
|
| Bottom of the 5th over - 2 runs, 2 hits, 0 errors, 1 left on base; New York 2 - Cincinnati 4 |
| TOP OF THE 6TH |
|
New York Yankees batting - Pitching for Cincinnati Reds : LHP Jim Abbott
|
|
Batting: RHB Kazuhiro Kiyohara
|
0-0: Foul Ball, location: 2F 0-1: Ball 1-1: Swinging Strike 1-2: Ball 2-2: Ball 3-2: Fly out, F7 (Flyball, 7S, EV 78.8 MPH)
|
|
Batting: RHB Travis Fryman
|
0-0: Ball 1-0: Ball 2-0: Called Strike 2-1: Swinging Strike 2-2: Ball 3-2: Strikes out swinging
|
|
Batting: RHB Phil B. Clark
|
0-0: Foul Ball, location: 2F 0-1: Fly out, F9 (Line Drive, 9D, EV 110.6 MPH)
|
| Top of the 6th over - 0 runs, 0 hits, 0 errors, 0 left on base; New York 2 - Cincinnati 4 |
| BOTTOM OF THE 6TH |
|
Cincinnati Reds batting - Pitching for New York Yankees : RHP Brian Moehler
|
|
Pitching: LHP Doug Simons
|
|
|
Batting: SHB Scott Spiezio
|
0-0: Ball 1-0: Fly out, F8 (Flyball, 8RXD, EV 81.9 MPH)
|
|
Batting: SHB Omar Vizquel
|
0-0: Ball 1-0: Fly out, F8 (Flyball, 78M, EV 93.8 MPH)
|
|
Batting: SHB Dwayne Hosey
|
0-0: Ball 1-0: Fly out, F7 (Flyball, 78XD, EV 103.1 MPH)
|
| Bottom of the 6th over - 0 runs, 0 hits, 0 errors, 0 left on base; New York 2 - Cincinnati 4 |
| TOP OF THE 7TH |
|
New York Yankees batting - Pitching for Cincinnati Reds : LHP Jim Abbott
|
|
Batting: SHB Quinton McCracken
|
0-0: Foul Ball, location: 2F 0-1: Ball 1-1: Called Strike 1-2: Foul Ball, location: 2F 1-2: Ball 2-2: Ball 3-2: Foul Ball, location: 2F 3-2: Fly out, F7 (Flyball, 7S, EV 89.4 MPH)
|
|
Batting: RHB Darren Lewis
|
0-0: Ground out 1-3 (Groundball, 34S, EV 84.4 MPH)
|
|
Batting: LHB Ed Giovanola
|
0-0: Called Strike 0-1: Ball 1-1: Ball 2-1: Ball 3-1: Foul Ball, location: 2F 3-2: Foul Ball, location: 2F 3-2: Strikes out swinging
|
| Top of the 7th over - 0 runs, 0 hits, 0 errors, 0 left on base; New York 2 - Cincinnati 4 |
| BOTTOM OF THE 7TH |
|
Cincinnati Reds batting - Pitching for New York Yankees : LHP Doug Simons
|
|
Batting: LHB Fernando Vina
|
0-0: Ball 1-0: Called Strike 1-1: Hit by Pitch
|
|
Batting: RHB Scott Rolen
|
0-0: Foul Ball, location: 2F 0-1: Ball 1-1: Ball 2-1: SINGLE (Groundball, 6D, EV 98.8 MPH) Fernando Vina to second
|
|
Pitching: LHP Bryan Eversgerd
|
|
|
Batting: SHB Bernie Williams
|
0-0: Called Strike 0-1: Fielders Choice at 2nd, 4-6 (Groundball, 4, EV 81.9 MPH) Fernando Vina to third
|
|
Batting: LHB Fred McGriff
|
0-0: Called Strike 0-1: Ball 1-1: Ball 2-1: SINGLE (Groundball, 34D, EV 103.8 MPH) Fernando Vina scores Bernie Williams to second Runner from 2nd tries for 3rd, SAFE, throw by RF made to third
|
|
Batting: RHB Javy Lopez
|
0-0: Called Strike 0-1: DOUBLE (Line Drive, 9LS, EV 106.3 MPH) Bernie Williams scores Fred McGriff to third
|
|
Pitching: RHP Lee Smith
|
|
|
Batting: LHB Matt Lawton
|
0-0: Ball 1-0: Foul Ball, location: 2F 1-1: Ball 2-1: Ball 3-1: Called Strike 3-2: Ground out 4-3 (Groundball, 4, EV 81.9 MPH) Fred McGriff scores Javy Lopez to third
|
|
Batting: SHB Scott Spiezio
|
0-0: Single, Error in OF, E9, batter to second base (Line Drive, 4D, EV 99.4 MPH) Javy Lopez scores
|
|
Batting: SHB Omar Vizquel
|
0-0: Ball 1-0: Ground out 4-3 (Groundball, 4, EV 81.9 MPH)
|
| Bottom of the 7th over - 4 runs, 4 hits, 1 error, 1 left on base; New York 2 - Cincinnati 8 |
| TOP OF THE 8TH |
|
New York Yankees batting - Pitching for Cincinnati Reds : LHP Jim Abbott
|
|
Batting: LHB Jeff Grotewold
|
0-0: Ball 1-0: Fly out, F9 (Flyball, 89D, EV 95.0 MPH)
|
|
Batting: RHB Orlando Cabrera
|
0-0: Called Strike 0-1: Foul Ball, location: 2F 0-2: Ground out 1-3 (Groundball, 13S, EV 65.0 MPH)
|
|
Batting: LHB Bobby Abreu
|
0-0: Fly out, F7 (Line Drive, 78M, EV 90.0 MPH)
|
| Top of the 8th over - 0 runs, 0 hits, 0 errors, 0 left on base; New York 2 - Cincinnati 8 |
| BOTTOM OF THE 8TH |
|
Cincinnati Reds batting - Pitching for New York Yankees : RHP Lee Smith
|
|
Batting: SHB Dwayne Hosey
|
0-0: Ball 1-0: Ground out 4-3 (Groundball, 4M, EV 102.5 MPH)
|
|
Batting: LHB Fernando Vina
|
0-0: Called Strike 0-1: Swinging Strike 0-2: Strikes out looking
|
|
Batting: RHB Scott Rolen
|
0-0: Ball 1-0: Ball 2-0: Foul Ball, location: 2F 2-1: Swinging Strike 2-2: Ball 3-2: Base on Balls
|
|
Batting: SHB Bernie Williams
|
0-0: Ball 1-0: Ball 2-0: Foul Ball, location: 2F 2-1: Fly out, F8 (Line Drive, 8LD, EV 84.4 MPH)
|
| Bottom of the 8th over - 0 runs, 0 hits, 0 errors, 1 left on base; New York 2 - Cincinnati 8 |
| TOP OF THE 9TH |
|
New York Yankees batting - Pitching for Cincinnati Reds : LHP Jim Abbott
|
|
Batting: RHB Kazuhiro Kiyohara
|
0-0: Called Strike 0-1: Swinging Strike 0-2: Strikes out swinging
|
|
Batting: RHB Travis Fryman
|
0-0: Ball 1-0: Swinging Strike 1-1: Fly out, F6 (Popup, 56, EV 73.1 MPH)
|
|
Batting: RHB Phil B. Clark
|
0-0: SINGLE (Line Drive, 9LS, EV 104.4 MPH)
|
|
Batting: SHB Quinton McCracken
|
0-0: Ball 1-0: Called Strike 1-1: Foul Ball, location: 2F 1-2: Strikes out swinging
|
| Top of the 9th over - 0 runs, 1 hit, 0 errors, 1 left on base; New York 2 - Cincinnati 8 |
|